 Dungeon Crawl Stone Soup version 0.17-a0-1421-g95311d7 (webtiles) character file.

100 bal the Ducker (level 4, -6/34 HPs)
             Began as a Demonspawn Gladiator on June 24, 2015.
             Mangled by Sigmund
             ... wielding a +0 scythe
              (7 damage)
             ... on level 4 of the Dungeon.
             The game lasted 00:06:23 (2516 turns).

bal the Ducker (Demonspawn Gladiator)               Turns: 2516, Time: 00:06:23

Health: -6/34      AC: 11    Str: 20    XL:     4   Next: 46%
Magic:  4/4        EV:  8    Int: 10    God:
Gold:   115        SH:  4    Dex: 13    Spells: 0 memorised, 3 levels left

rFire  + . .     SeeInvis .     a - +0 war axe
rCold  . . .     Clarity  .     v - +0 chain mail
rNeg   . . .     SustAt   .     j - +0 buckler
rPois  .         Gourm    .     c - +0 helmet
rElec  .         Spirit   .     (no cloak)
rCorr  .         Warding  .     x - +1 pair of gloves
rMut   .         Stasis   .     (no boots)
MR     .....                    (no amulet)
Stlth  ..........               y - ring of protection from fire
                                p - +4 ring of strength

@: flying, not resistant to hostile enchantments, extremely unstealthy
A: talons 1
a: no special abilities


You were on level 4 of the Dungeon.
You were not hungry.

You visited 1 branch of the dungeon, and saw 4 of its levels.

You collected 115 gold pieces.

Inventory:

Hand weapons
 a - a +0 war axe (weapon)
Missiles
 d - 3 throwing nets (quivered)
Armour
 c - a +0 helmet (worn)
 j - a +0 buckler (worn)
 v - a +0 chain mail (worn)
 x - a +1 pair of gloves (worn)
Jewellery
 g - an uncursed ring of protection from cold
 p - a +4 ring of strength (left hand)
 y - a ring of protection from fire (right hand)
Magical devices
 q - a wand of confusion (20)
Scrolls
 f - a scroll of identify
 i - 4 scrolls of remove curse
Potions
 r - a potion of magic
Comestibles
 b - a chunk of flesh
 e - a bread ration
 k - 3 fruits
 m - a beef jerky
 t - a slice of pizza


   Skills:
 + Level 2.4 Fighting
 + Level 3.2 Axes
 + Level 1.9 Throwing
 + Level 1.0 Armour
 + Level 3.6 Dodging
 + Level 0.2 Stealth
 + Level 1.0 Shields


You had 3 spell levels left.
You didn't know any spells.

Dungeon Overview and Level Annotations

Branches:
Dungeon (4/15)
 Temple: D:4-7

Altars:
Ru

Annotations:
D:4 Natasha, Sigmund


Innate Abilities, Weirdness & Mutations

You have sharp toenails.


Message History

Evoke which item? (* to show all) (? for menu, Esc to quit)
Zapping:
q - a wand of confusion {zapped: 6} (will waste charges)
Press: ? - help, Shift-Dir - straight line, f - Natasha
Aim: Natasha (chance to defeat MR: 46%) Natasha resists with some effort.
Evoking this partially-identified wand wasted a few charges.
Something hits you.
* * * LOW HITPOINT WARNING * * *
Natasha claws you.
* * * LOW HITPOINT WARNING * * *
The crimson imp hits you but does no damage.
Read which item? (? for menu, Esc to quit)
Okay, then.
Drink which item? (? for menu, Esc to quit)
Okay, then.
You hit the crimson imp.
The crimson imp is moderately wounded.
You miss something. You hit Natasha but do no damage.
You block Natasha's attack. Something hits you!
You die...

........###
..........### ##
............##.#.
.................
...............#
...............#
#.....<.......##
##.....{g......#
##....5@.......
#....h........
##............
###..........
##.........
###.......
#######


You could see Natasha, a crimson imp and a goblin (confused).

Vanquished Creatures
  An orc wizard (D:3)
  An adder (D:2)
  A worm (D:3)
  A giant gecko (D:1)
  3 orcs (D:3)
  9 bats
  2 giant cockroaches
  3 goblins
  7 hobgoblins
  4 jackals (D:3)
  A ball python (D:3)
  3 giant newts
  11 kobolds
  2 rats (D:1)
49 creatures vanquished.

Notes
Turn   | Place    | Note
--------------------------------------------------------------
     0 | D:1      | bal the Demonspawn Gladiator began the quest for the Orb.
     0 | D:1      | Reached XP level 1. HP: 16/16 MP: 1/1
   366 | D:1      | Gained mutation: You have sharp toenails. [demonic ancestry]
   366 | D:1      | Reached XP level 2. HP: 22/22 MP: 2/2
   498 | D:1      | Reached skill level 3 in Dodging
  1245 | D:2      | Reached XP level 3. HP: 22/27 MP: 3/3
  1650 | D:3      | Found a sacrificial altar of Ru.
  2017 | D:3      | Reached skill level 1 in Armour
  2017 | D:3      | Reached XP level 4. HP: 26/34 MP: 4/4
  2045 | D:3      | Reached skill level 1 in Shields
  2498 | D:4      | Noticed Natasha
  2498 | D:4      | Noticed Sigmund
  2515 | D:4      | HP: 1/34 [Natasha (2)]
  2516 | D:4      | Mangled by Sigmund

Vault maps used:
D:1:      shiori_arrival_oz
D:3:      lemuel_doored_altar
D:4:      grunt_gozag_statues, minmay_temple_entry_hall, first_bread,
          uniq_natasha, uniq_grinder, uniq_sigmund

Action                   |  1- 3 |  4- 6 || total
-------------------------+-------+-------++-------
Melee: War axe           |   131 |    54 ||   185
Evoke: Wand              |       |     4 ||     4
  Use: Scroll            |       |     8 ||     8
       Potion            |       |     4 ||     4
 Stab: Sleeping          |     1 |       ||     1
  Eat: Meat ration       |     1 |       ||     1
